 Dungeon Crawl Stone Soup version 0.16.1-11-g651b585 (webtiles) character file.

78351 hhkb the Brawler (level 15, -5/126 HPs)
             Began as a Ghoul Monk on Mar 29, 2015.
             Was a High Priest of Cheibriados.
             Killed from afar by a shock serpent (27 damage)
             ... with a bolt of electricity
             ... on level 1 of the Snake Pit on Mar 30, 2015.
             The game lasted 01:48:33 (23475 turns).

hhkb the Brawler (Ghoul Monk)                      Turns: 23475, Time: 01:48:33

Health: -5/126     AC: 21    Str: 34    XL:     15   Next: 59%
Magic:  24/27      EV: 19    Int: 17    God:    Cheibriados [*****.]
Gold:   1666       SH:  0    Dex: 28    Spells: 1 memorised, 11 levels left

rFire  . . .     SeeInvis .     J - +5 rod of inaccuracy (15/15) {!a}
rCold  + + .     Clarity  .     Z - +0 plate armour {MR+}
rNeg   + + +     SustAb   .     (no shield)
rPois  ∞         Gourm    .     q - +0 helmet
rElec  .         Spirit   .     x - +1 cloak
rCorr  +         Warding  .     (no gloves)
rMut   .         Stasis   .     a - +0 pair of boots
MR     ++...                    r - amulet of resist corrosion {rCorr, !d}
Stlth  ..........               f - ring of protection from cold {rC+, !d}
                                s - +5 ring of strength

@: rotting, very slow, very resistant to hostile enchantments, extremely
unstealthy
A: rotting body, claws 1, carnivore 3, cold resistance 1, negative energy
resistance 3, poison resistance, slow healing 1, torment resistance, unbreathing
a: Bend Time, Temporal Distortion, Slouch, Step From Time, Renounce Religion


You were on level 1 of the Snake Pit.
You worshipped Cheibriados.
Cheibriados was extremely pleased with you.
You were not hungry.

You visited 3 branches of the dungeon, and saw 20 of its levels.

You collected 1888 gold pieces.
You spent 222 gold pieces at shops.

Inventory:

Missiles
 l - 430 stones (quivered)
Armour
 a - a +0 pair of boots (worn)
   (You found it on level 2 of the Lair of Beasts)
 q - a +0 helmet (worn)
   (You found it on level 3 of the Dungeon)
 x - a +1 cloak (worn)
   (You took it off Maurice on level 10 of the Dungeon)
 Z - a +0 plate armour of magic resistance (worn)
   (You took it off Donald on level 1 of the Snake Pit)
Rods
 J - a +5 rod of inaccuracy (15/15) (weapon) {!a}
   (You found it on level 3 of the Lair of Beasts)
Jewellery
 f - a ring of protection from cold (right claw) {rC+, !d}
   (You found it on level 1 of the Dungeon)
 r - an amulet of resist corrosion (around neck) {rCorr, !d}
   (You found it on level 3 of the Dungeon)
 s - a +5 ring of strength (left claw)
   (You found it on level 7 of the Dungeon)
 E - the ring "Omous" {Ice +Inv Slay+3}
   (You found it on level 3 of the Lair of Beasts)

   [ring of ice]

   It enhances your ice magic, and weakens your fire magic.
   It affects your accuracy and damage with ranged weapons and melee attacks
   (+3).
   It makes you vulnerable to fire.
   It protects you from cold.
   It lets you turn invisible.
Magical devices
 D - a wand of confusion (21)
   (You found it on level 7 of the Lair of Beasts)
 G - a wand of fireball (5)
   (You found it on level 6 of the Lair of Beasts)
 I - a wand of fire (4)
   (You found it on level 3 of the Lair of Beasts)
 L - a wand of disintegration (9)
   (You found it on level 8 of the Dungeon)
 R - a wand of teleportation (5)
   (You found it on level 5 of the Lair of Beasts)
 S - a wand of slowing (17)
   (You found it on level 6 of the Lair of Beasts)
Scrolls
 e - 4 scrolls of recharging
 j - 4 scrolls of blinking {!r}
 m - 2 scrolls of amnesia
 p - 6 scrolls of remove curse
 v - 7 scrolls of fear
 y - 6 scrolls of teleportation
 C - 2 scrolls of magic mapping {!r}
 N - a scroll of fog
Potions
 b - a potion of agility
 c - a potion of brilliance
 i - a potion of flight {unknown}
 k - 3 potions of heal wounds
 n - 7 potions of curing
 o - a potion of haste
 t - 6 potions of restore abilities
 z - a potion of might
 F - a potion of resistance
 H - 2 potions of cancellation
 M - a potion of invisibility
 O - 2 potions of magic
 Q - a potion of poison {unknown}
Books
 A - a book of the Dragon
   (You found it on level 5 of the Dungeon)
Miscellaneous
 U - a box of beasts
   (You found it on level 6 of the Lair of Beasts)
 X - a stone of tremors
   (You found it on level 8 of the Lair of Beasts)
Comestibles
 d - 3 beef jerkies
 g - 2 slices of pizza
 h - 13 royal jellies
 u - 2 chunks of flesh {@w0}
 w - 7 meat rations {@e2}


   Skills:
 - Level 10.0 Fighting
 + Level 12.6 Armour
 - Level 10.2 Dodging
 - Level 2.1 Stealth
 - Level 17.0 Unarmed Combat
 - Level 1.5 Charms
 - Level 0.5 Air Magic
 - Level 10.0 Invocations
 - Level 6.0 Evocations


You had 11 spell levels left.
You knew the following spells:

 Your Spells              Type           Power        Failure   Level  Hunger
F - Flight                Chrm/Air       #.........   99%         3    ####...


Dungeon Overview and Level Annotations

Branches:
Dungeon (11/15)            Temple (0/1) D:4            Lair (8/8) D:11
 Shoals (0/5) Lair:6        Snake (1/5) Lair:6        Slime (0/6) Lair:6
    Orc: D:9-12

Altars:
Ashenzari
Cheibriados
Dithmenos
Elyvilon
Makhleb
Nemelex Xobeh
Okawaru
Ru
Sif Muna
Vehumet
Yredelemnul
Zin

Shops:
D:7 ?

Portals:
Hell: Lair:8

Annotations:
D:8 exclusion: Psyche, Psyche
D:10 roverover's ghost, experienced DsGl
D:11 exclusions: 2 electric eels and 1 more exclusion
Lair:2 exclusion: Harold, Harold


Innate Abilities, Weirdness & Mutations

Your body is rotting away.
You thrive on raw meat.
You have sharp fingernails.
You are carnivorous and can eat meat at any time.
Your flesh is cold resistant.
You are immune to negative energy.
Your system is resistant to poisons.
You heal slowly when monsters are visible.
You are immune to unholy pain and torment.
You can survive without breathing.


Message History

Your rod of inaccuracy {!a} has recharged.
The electric eel shoots out a bolt of lightning at you!
The bolt of electricity hits you!
You take 7 damage, and have 107/126 hp.
Okay, then.
Aim: an electric eel The narrow beam of energy misses the electric eel.
Aim: an electric eel The narrow beam of energy hits the electric eel.
You kill the electric eel!
Cheibriados thoroughly appreciates the change of pace.
You hear a splash.
Wield which item (- for none, * to show all)? (? for menu, Esc to quit)
You are now empty-clawed.
You now have 1666 gold pieces (gained 22).
Read which item? (? for menu, Esc to quit)
Charge which item? (? for menu, Esc to quit)
As you read the scroll of recharging, it crumbles to dust.
Your +5 rod of inaccuracy (15/15) {!a} glows for a moment.
You enter the shallow water.
Moving in this stuff is going to be slow.
You enter the shallow water.
Moving in this stuff is going to be slow.
A naga comes into view. It is wielding a dire flail.
The naga spits poison at you. The splash of poison hits you! You resist.
You see here an electric eel corpse.
You take 1 damage, and have 111/126 hp.
You butcher the electric eel corpse.
You hear a splash.
The naga spits poison at you. The splash of poison misses you.
Things that are here:
2 chunks of flesh {@w0}; an electric eel skeleton Wield which item (- for none, * to show all)? (? for menu, Esc to quit)
J - a +5 rod of inaccuracy (15/15) (weapon)
{!a}
Aim: a naga, wielding a dire flail and wearing a robe (catching its breath)
The narrow beam of energy hits the naga.
You kill the naga!
Cheibriados appreciates the change of pace.
You hear a splash. x2
You may need something to eat soon, looking for food.
Can't find anything matching that.
Okay, then.
Your rod of inaccuracy {!a} has recharged.
You enter the shallow water.
Moving in this stuff is going to be slow.
u - 2 chunks of flesh {@w0} You see here an electric eel skeleton.
An electric eel and a shock serpent come into view.
The shock serpent hisses angrily.
The shock serpent moves out of view.
The electric eel shoots out a bolt of lightning at you!
The bolt of electricity hits the plant.
The bolt of electricity hits you!
The electric eel shoots out a bolt of lightning at you!
The bolt of electricity hits the plant.
The bolt of electricity hits you!
The shock serpent shoots out a bolt of lightning at you!
The bolt of electricity hits the plant.
The bolt of electricity misses you.
The electric eel shoots out a bolt of lightning at you!
The bolt of electricity hits the plant.
The bolt of electricity misses you.
Okay, then.
Unknown command.
The electric eel shoots out a bolt of lightning at you!
The bolt of electricity hits the plant. x2
The bolt of electricity hits you!
You take 2 damage, and have 114/126 hp.
Okay, then.
Unknown command.
The shock serpent shoots out a bolt of lightning at you!
The bolt of electricity hits you!
The bolt of electricity hits the plant.
The shock serpent shoots out a bolt of lightning at you!
The bolt of electricity misses you.
The bolt of electricity hits the plant.
You see here an electric eel skeleton.
You take 27 damage, and have 87/126 hp.
MASSIVE DAMAGE!!
The shock serpent shoots out a bolt of lightning at you!
The bolt of electricity misses you. The shock serpent bites you!
The shock serpent shocks you! The shock serpent bites you.
The shock serpent shocks you!
You take 41 damage, and have 46/126 hp.
MASSIVE DAMAGE!!
Really attack while wielding your +5 rod of inaccuracy (15/15) {!a}?
You hit the shock serpent.
The shock serpent bites you but does no damage. x2
You hit the shock serpent. The shock serpent closely misses you.
The shock serpent shoots out a bolt of lightning at you!
The bolt of electricity misses you.
You hit the shock serpent.
The shock serpent bites you but does no damage.
The shock serpent bites you!
* * * LOW HITPOINT WARNING * * *
The shock serpent shocks you!
* * * LOW HITPOINT WARNING * * *
You take 25 damage, and have 22/126 hp.
The flow of time bends around you.
Cheibriados rebukes the shock serpent.
The shock serpent seems to slow down.
You feel slightly more hungry.
The shock serpent shoots out a bolt of lightning at you!
The bolt of electricity hits you!
You die...

... ≈♣♣♣P≈ ≈≈≈≈≈
...≈♣≈≈≈P♣♣♣♣≈P≈≈P #
..≈≈≈P)≈≈≈≈≈≈P≈≈≈≈≈ .##
≈......................#
≈≈.≈≈P≈≈≈≈≈≈≈P≈≈≈P≈P♣..#
≈;.≈≈P≈P≈≈≈≈≈≈≈≈P≈≈♣...#
≈.≈≈≈≈≈≈≈÷PP≈≈≈P≈≈....#
≈.P≈P♣♣♣♣.S#≈≈≈♣♣#...####
≈.≈≈♣♣ ###@#####.......#
.≈≈ ♣≈ #(...###....#....#
≈.≈ ♣≈###....#.....# .#.#
≈.≈≈ ♣P##.......#..# ..# ≈
≈≈.≈≈≈♣♣♣≈.......#...# .
♣♣≈≈P≈.≈≈≈≈PP♣.......#.#.#
♣♣≈≈≈≈.≈≈≈≈≈≈≈.##/#....#.##
.≈♣≈≈≈.≈≈≈≈≈PP♣##.##......#
#.≈≈≈≈.≈≈PP≈≈≈≈♣#!###.....#


You could see a shock serpent.

Vanquished Creatures
  Rupert (Snake:1)
  Donald (Snake:1)
  Maud (Lair:6)
  A dire elephant (Lair:8)
  8 hydras
  Nessos (Snake:1)
  2 catoblepae (Lair:7)
  4 death yaks (Lair:5)
  An anaconda (Snake:1)
  A tengu warrior (D:8)
  A shock serpent (Snake:1)
  Nergalle (Lair:3)
  A sun demon (Lair:8)
  A wizard (Lair:8)
  2 sea snakes (Snake:1)
  A swamp dragon (Lair:8)
  2 hill giants
  A mana viper (Snake:1)
  2 griffons
  An oklob plant (Lair:6)
  A sixfirhy (Lair:8)
  Maurice (D:10)
  16 black mambas
  23 elephants
  2 molten gargoyles (D:11)
  A torpor snail (Lair:7)
  2 centaur skeletons
  A naga mage (Snake:1)
  7 komodo dragons
  15 spiny frogs
  A hellwing (Lair:8)
  4 orange demons (Lair:8)
  4 fire drakes
  3 red devils (Lair:8)
  3 trolls
  A queen bee (Lair:4)
  A tengu conjurer (D:8)
  A polar bear (Lair:8)
  2 blue devils (Lair:8)
  A boulder beetle (Lair:8)
  2 ravens (D:8)
  13 blink frogs
  2 wyverns
  3 basilisks
  68 yaks
  A deep elf mage (D:11)
  12 hippogriffs
  4 hungry ghosts
  6 nagas
  9 swamp worms (Lair:2)
  Menkaure (D:6)
  22 water moccasins
  11 porcupines
  2 ice beasts
  A hell hound (Lair:8)
  4 orc warriors
  2 sky beasts
  2 phantoms
  3 centaurs
  16 crocodiles
  3 boring beetles
  4 big kobolds
  7 ogres
  20 giant frogs
  5 scorpions
  A wyvern skeleton (D:8)
  7 wights
  23 killer bees
  2 crimson imps (D:6)
  4 electric eels (Snake:1)
  A goliath beetle (D:11)
  2 lava snakes (D:11)
  A giant frog zombie (D:6)
  15 jellies
  7 orc priests
  A giant frog skeleton (D:9)
  3 hounds
  6 worker ants
  4 orc wizards
  6 iguanas
  6 sheep (Lair:1)
  A hound skeleton (D:6)
  A mummy (D:11)
  31 adders
  33 river rats
  4 gnolls (D:4)
  4 shadow imps
  15 worms
  An adder skeleton (D:8)
  2 adder zombies
  4 giant geckos
  35 orcs
  10 bats
  A bat skeleton (D:5)
  6 giant cockroaches
  18 hobgoblins
  12 jackals
  22 kobolds
  2 oozes
  14 quokkas
  2 ball pythons
  A giant gecko skeleton (D:4)
  A giant gecko zombie (D:8)
  3 giant newts
  22 goblins
  2 orc zombies (D:10)
  A quokka skeleton (D:9)
  23 rats
  7 spectral orcs (Lair:3)
  8 plants
722 creatures vanquished.

Vanquished Creatures (others)
  A bush (Lair:8)
  9 fungi
  10 plants
20 creatures vanquished.

Grand Total: 742 creatures vanquished

Notes
Turn   | Place    | Note
--------------------------------------------------------------
     0 | D:1      | hhkb, the Ghoul Monk, began the quest for the Orb.
     0 | D:1      | Reached XP level 1. HP: 19/19 MP: 1/1
   262 | D:1      | Reached XP level 2. HP: 23/26 MP: 2/2
   296 | D:1      | Reached skill level 5 in Unarmed Combat
   875 | D:1      | Reached XP level 3. HP: 29/31 MP: 3/3
  1762 | D:2      | Found a sparkling altar of Nemelex Xobeh.
  2084 | D:3      | Reached skill level 6 in Unarmed Combat
  2084 | D:3      | Reached XP level 4. HP: 23/36 MP: 3/3
  2300 | D:3      | Found a snail-covered altar of Cheibriados.
  2710 | D:3      | Found a sacrificial altar of Ru.
  2779 | D:3      | Reached XP level 5. HP: 39/45 MP: 4/4
  3061 | D:3      | Became a worshipper of Cheibriados the Contemplative
  3061 | D:3      | Acquired Cheibriados' first power
  3113 | D:3      | Reached skill level 7 in Unarmed Combat
  3195 | D:3      | HP: 9/45 [orc priest/divine providence (12)]
  3241 | D:3      | Noticed an ogre
  3255 | D:3      | Killed an ogre
  3255 | D:3      | Reached XP level 6. HP: 13/51 MP: 2/5
  3256 | D:3      | Reached skill level 8 in Unarmed Combat
  3476 | D:4      | Found a shadowy altar of Dithmenos.
  3876 | D:4      | Found a staircase to the Ecumenical Temple.
  3888 | D:4      | Found a basalt altar of Yredelemnul.
  3914 | D:4      | Found a shattered altar of Ashenzari.
  3937 | D:4      | Acquired Cheibriados' second power
  3973 | D:4      | Found an iron altar of Okawaru.
  4080 | D:4      | Reached skill level 1 in Invocations
  4148 | D:4      | Reached skill level 2 in Invocations
  4148 | D:4      | Reached XP level 7. HP: 54/57 MP: 6/7
  4298 | D:4      | Found a deep blue altar of Sif Muna.
  4422 | D:5      | Entered Level 5 of the Dungeon
  4431 | D:5      | Reached skill level 9 in Unarmed Combat
  4431 | D:5      | Reached skill level 3 in Invocations
  4683 | D:5      | Reached skill level 4 in Invocations
  4799 | D:5      | Reached XP level 8. HP: 54/63 MP: 8/12
  4866 | D:5      | Found a glowing silver altar of Zin.
  5013 | D:6      | Acquired Cheibriados' third power
  5080 | D:6      | Reached skill level 5 in Invocations
  5156 | D:6      | Reached skill level 10 in Unarmed Combat
  5191 | D:6      | Noticed Menkaure
  5205 | D:6      | Killed Menkaure
  5205 | D:6      | Reached skill level 3 in Dodging
  5380 | D:6      | Reached skill level 4 in Dodging
  5606 | D:6      | Reached skill level 5 in Dodging
  5607 | D:6      | Noticed a troll
  5697 | D:7      | Reached XP level 9. HP: 64/70 MP: 9/15
  5778 | D:7      | Reached skill level 6 in Dodging
  5970 | D:7      | Found Ceumoan's Magic Scroll Shoppe.
  6006 | D:7      | Reached skill level 4 in Fighting
  6027 | D:7      | Bought a scroll of identify for 24 gold pieces
  6027 | D:7      | Bought a scroll of recharging for 114 gold pieces
  6027 | D:7      | Bought a scroll of identify for 24 gold pieces
  6027 | D:7      | Bought a scroll of teleportation for 36 gold pieces
  6027 | D:7      | Bought a scroll of identify for 24 gold pieces
  6201 | D:7      | Found a radiant altar of Vehumet.
  6359 | D:8      | Noticed Maurice
  6483 | D:8      | Reached skill level 5 in Fighting
  6532 | D:8      | Noticed a tengu warrior
  6537 | D:8      | Noticed a tengu conjurer
  6551 | D:8      | Killed a tengu warrior
  6551 | D:8      | Reached skill level 6 in Fighting
  6551 | D:8      | Reached skill level 11 in Unarmed Combat
  6551 | D:8      | Reached XP level 10. HP: 20/84 MP: 6/15
  6553 | D:8      | Killed a tengu conjurer
  6553 | D:8      | HP: 12/84 [raven[a tengu warrior] (9)]
  6554 | D:8      | Reached skill level 7 in Fighting
  6849 | D:8      | Noticed Psyche
  6884 | D:8      | Reached skill level 12 in Unarmed Combat
  7963 | D:9      | Reached skill level 13 in Unarmed Combat
  8253 | D:9      | Found a white marble altar of Elyvilon.
  8339 | D:9      | Reached skill level 7 in Dodging
  8953 | D:9      | Reached skill level 8 in Dodging
  9168 | D:10     | Entered Level 10 of the Dungeon
  9176 | D:10     | Reached XP level 11. HP: 85/92 MP: 17/17
  9254 | D:10     | Killed Maurice
  9254 | D:10     | Reached skill level 9 in Dodging
  9349 | D:10     | Acquired Cheibriados' fourth power
  9593 | D:10     | Reached skill level 10 in Dodging
  9633 | D:10     | Noticed a hill giant
  9655 | D:10     | Killed a hill giant
  9666 | D:10     | Noticed roverover's ghost (experienced DsGl)
  9678 | D:10     | HP: 8/92 [roverover's ghost (21)]
 10166 | D:11     | Found a staircase to the Lair.
 10345 | D:11     | Reached skill level 6 in Invocations
 10528 | D:11     | Noticed a hill giant
 10543 | D:11     | Killed a hill giant
 10543 | D:11     | Reached skill level 7 in Invocations
 10753 | D:11     | HP: 13/92 [molten gargoyle/bolt of magma (22)]
 10760 | D:11     | Reached skill level 8 in Invocations
 11330 | Lair:1   | Entered Level 1 of the Lair of Beasts
 11486 | Lair:1   | Reached skill level 9 in Invocations
 11555 | Lair:1   | Reached XP level 12. HP: 100/100 MP: 19/23
 11678 | Lair:1   | Found a burning altar of Makhleb.
 11913 | Lair:1   | Identified the Volume of Blistering Conjuration
 12032 | Lair:1   | Reached skill level 1 in Armour
 12304 | Lair:1   | Reached skill level 2 in Armour
 12583 | Lair:2   | Reached skill level 10 in Invocations
 12864 | Lair:2   | Reached skill level 3 in Armour
 13004 | Lair:2   | Reached skill level 4 in Armour
 13104 | Lair:2   | Reached skill level 5 in Armour
 13107 | Lair:2   | Noticed Harold
 13394 | Lair:2   | HP: 25/101 [swamp worm (7)]
 13712 | Lair:2   | Reached skill level 8 in Fighting
 14633 | Lair:2   | Reached skill level 14 in Unarmed Combat
 14878 | Lair:3   | Got a bloodstained arbalest
 14880 | Lair:3   | Got a glittering jade ring
 14883 | Lair:3   | Identified the ring "Omous" {Ice +Inv Slay+3} (You found it on level 3 of the Lair of Beasts)
 14884 | Lair:3   | Identified the +7 arbalest "Mynen" {flame, rF+ SInv} (You found it on level 3 of the Lair of Beasts)
 14945 | Lair:3   | Reached XP level 13. HP: 56/107 MP: 11/25
 15138 | Lair:3   | Reached skill level 15 in Unarmed Combat
 15190 | Lair:3   | Noticed Nergalle
 15228 | Lair:3   | Killed Nergalle
 15337 | Lair:3   | HP: 21/107 [elephant (9)]
 15345 | Lair:3   | HP: 20/107 [elephant (10)]
 15914 | Lair:4   | Reached skill level 16 in Unarmed Combat
 16200 | Lair:4   | Reached skill level 6 in Armour
 16643 | Lair:4   | Reached skill level 9 in Fighting
 16810 | Lair:4   | Identified a +2 rod of inaccuracy (10/10) (You found it on level 3 of the Lair of Beasts)
 16873 | Lair:5   | Reached skill level 7 in Armour
 17088 | Lair:5   | Reached skill level 10 in Fighting
 17255 | Lair:5   | Reached skill level 8 in Armour
 17353 | Lair:5   | Reached XP level 14. HP: 117/121 MP: 26/26
 18057 | Lair:6   | Found a staircase to the Slime Pits.
 18062 | Lair:6   | Reached skill level 9 in Armour
 18257 | Lair:6   | Found a staircase to the Shoals.
 18260 | Lair:6   | Noticed Maud
 18284 | Lair:6   | Killed Maud
 18648 | Lair:6   | Found a staircase to the Snake Pit.
 18780 | Lair:6   | Reached skill level 10 in Armour
 19422 | Lair:6   | Upgraded the game from 0.16.1-7-g2c6721e to 0.16.1-11-g651b585
 20245 | Lair:7   | Reached skill level 17 in Unarmed Combat
 20748 | Lair:8   | Entered Level 8 of the Lair of Beasts
 20790 | Lair:8   | Reached skill level 1 in Evocations
 20911 | Lair:8   | Reached skill level 2 in Evocations
 20926 | Lair:8   | Reached skill level 3 in Evocations
 21022 | Lair:8   | Reached skill level 4 in Evocations
 21274 | Lair:8   | Reached skill level 5 in Evocations
 21501 | Lair:8   | Reached skill level 6 in Evocations
 21501 | Lair:8   | Reached XP level 15. HP: 114/126 MP: 24/27
 21853 | Lair:8   | Found a burning altar of Makhleb.
 21857 | Lair:8   | Reached skill level 11 in Armour
 21876 | Lair:8   | Found a gateway to Hell.
 22205 | Lair:8   | Learned a level 3 spell: Flight
 22363 | Snake:1  | Entered Level 1 of the Snake Pit
 22379 | Snake:1  | Reached skill level 1 in Charms
 22748 | Snake:1  | Noticed Donald
 22800 | Snake:1  | Killed Donald
 22861 | Snake:1  | Noticed Nessos
 22863 | Snake:1  | Reached skill level 12 in Armour
 22863 | Snake:1  | Killed Nessos
 23034 | Snake:1  | Noticed Rupert
 23047 | Snake:1  | Killed Rupert
 23474 | Snake:1  | HP: 22/126 [shock serpent (13)]
 23475 | Snake:1  | Killed from afar by a shock serpent

Action                   |  1- 3 |  4- 6 |  7- 9 | 10-12 | 13-15 || total
-------------------------+-------+-------+-------+-------+-------++-------
Melee: Unarmed           |   113 |   170 |   263 |   715 |   903 ||  2164
       Rod               |       |       |       |       |     3 ||     3
Throw: Stone             |     9 |    23 |    37 |   105 |   106 ||   280
Invok: Bend Time         |       |     1 |    10 |    38 |    90 ||   139
       Slouch            |       |       |     2 |     1 |     6 ||     9
Evoke: Wand              |       |       |       |     2 |    25 ||    27
       Rod               |       |       |       |       |    33 ||    33
  Use: Scroll            |     4 |     3 |     8 |    12 |    11 ||    38
       Potion            |       |     1 |       |     1 |     4 ||     6
 Stab: Sleeping          |     1 |       |     1 |     3 |       ||     5
       Confused          |       |       |       |       |     6 ||     6
       Petrified         |       |       |       |       |     2 ||     2
  Eat: Chunk             |    11 |    14 |    12 |    92 |    97 ||   226
       Beef jerky        |       |       |       |       |     1 ||     1

Vault maps used:
D:1:      lightli_arrival_lavapool, st_stairs_14, minmay_surrounded
D:2:      nemelex_xobeh_ov_fountains_minmay
D:3:      lemuel_doored_altar, nicolae_overflow_crystal_walls,
          minmay_ogre_servants
D:4:      ashenzari_conservatory_becter, nicolae_dithmenos_the_darkroom,
          lemuel_blue_sif_altar, yredelemnul_altar_generic, kennysheep_mini,
          minmay_temple_entry_junction
D:5:      zin_statuary, first_bread
D:6:      black_bear_nest_2, uniq_menkaure
D:7:      lemuel_coloured_pillars_altar, serial_shops, shop
D:8:      blue_anna_alchemist, uniq_maurice, uniq_psyche
D:9:      elyvilon_altar_3
D:11:     cheibrodos_magma_flow, lair_0_dummy, erik_orc_2, nrook_mini_backslash,
          st_stairs_10, minmay_unpleasant_kobolds
Lair:1:   basic_altar
Lair:2:   worms_lemuel, uniq_harold
Lair:3:   minmay_holes, uniq_nergalle
Lair:4:   special_room
Lair:5:   beast_lair_carwin_large_3
Lair:6:   minmay_lair_oklob_items, shoals_dummy_entry,
          guppyfry_snake_entry_garden, minmay_slime_entry_jelly_boxes,
          st_stairs_10, uniq_maud
Lair:7:   pond
Lair:8:   evil_forest, st_stairs_10, hibernation_bobbens, grunt_megastairs_4
Snake:1:  special_room, st_stairs_10, grunt_ministairs_9, serial_bayou_lagoon_b,
          grunt_megastairs_3, uniq_rupert, uniq_nessos, uniq_aizul, uniq_donald

Table legend:
 A = Turns spent in this place as a percentage of turns spent in the entire game.
 B = Non-inter-level travel turns spent in this place as a percentage of non-inter-level travel turns spent in the entire game.
 C = Inter-level travel turns spent in this place as a percentage of turns spent in this place.
 D = Turns resting spent in this place as a percentage of non-inter-level travel turns spent in this place.
 E = Turns spent auto-exploring this place as a percentage of non-inter-level travel turns spent in this place.
 F = Non-inter-level travel turns spent in this place divided by the number of levels of this place that you've seen.
                   A       B       C       D       E      F
               +-------+-------+-------+-------+-------+----------------------
         Total | 100.0 | 100.0 |   1.3 |   0.8 |   5.2 | 568.3
       Dungeon |  48.4 |  48.4 |   1.5 |   0.7 |   5.8 | 499.8
          Lair |  45.5 |  45.5 |   1.3 |   0.7 |   5.1 | 647.1
     Snake Pit |   6.0 |   6.1 |   0.3 |   2.0 |   2.0 | 691.0
               +-------+-------+-------+-------+-------+----------------------

Table legend:
 A = Kills in this place as a percentage of kills in entire the game.
 B = Kills by you in this place as a percentage of kills by you in the entire game.
 C = Kills by friends in this place as a percentage of kills by friends in the entire game.
 D = Other kills in this place as a percentage of other kills in the entire game.
 E = Experience gained in this place as a percentage of experience gained in the entire game.
 F = Experience gained in this place divided by the number of levels of this place that you have seen.
                   A       B       C       D       E      F
               +-------+-------+-------+-------+-------+----------------------
         Total | 100.0 | 100.0 |  -nan |  -nan | 100.0 | 5596.5
       Dungeon |  44.3 |  44.3 |  -nan |  -nan |  15.9 | 1613.5
          Lair |  51.8 |  51.8 |  -nan |  -nan |  71.9 | 10054.5
     Snake Pit |   4.0 |   4.0 |  -nan |  -nan |  12.3 | 13745.0
               +-------+-------+-------+-------+-------+----------------------
